 Dungeon Crawl Stone Soup version 0.17.1-3-g152610e (webtiles) character file.

10991 Heliophagus the Sneak (level 11, 0/63 HPs)
             Began as a Gargoyle Fire Elementalist on Apr 8, 2016.
             Slain by a sixfirhy (4 damage)
             ... summoned by an obsidian statue
             ... on level 10 of the Dungeon.
             The game lasted 02:45:55 (15632 turns).

Heliophagus the Sneak (Gargoyle Fire Elementalist) Turns: 15632, Time: 02:45:56

Health: 0/63       AC: 15    Str: 12    XL:     11   Next: 70%
Magic:  18/18      EV: 14    Int: 19    God:
Gold:   392        SH:  5    Dex: 10    Spells: 4 memorised, 7 levels left

rFire  + . .     SeeInvis .     G - +2 mace (crush)
rCold  . . .     Clarity  .     p - +1 steam dragon armour
rNeg   + . .     SustAt   .     D - +0 buckler
rPois  ∞         Gourm    .     (no helmet)
rElec  +         Spirit   .     (no cloak)
rCorr  .         Warding  .     (no gloves)
rMut   .         Stasis   .     (no boots)
MR     +....                    (no amulet)
Stlth  +++.......               B - ring of protection from fire
                                y - ring of protection from magic

@: about to teleport, somewhat resistant to hostile enchantments, fairly
stealthy
A: negative energy resistance 1, electricity resistance, unbreathing,
petrification resistance, rot immunity, AC +7
a: no special abilities


You were on level 10 of the Dungeon.
You were very hungry.

You visited 2 branches of the dungeon, and saw 11 of its levels.

You collected 392 gold pieces.

Inventory:

Hand Weapons
 i - a +0 hand crossbow of flaming
 j - a +0 dagger of holy wrath
 G - a +2 mace of crushing (weapon)
Missiles
 N - 5 bolts (quivered)
Armour
 p - a +1 steam dragon armour (worn)
 A - a +2 scale mail of magic resistance
 D - a +0 buckler (worn)
Magical Staves
 E - an uncursed staff of conjuration
 F - an uncursed staff of earth
Jewellery
 u - an uncursed ring of fire
 y - a ring of protection from magic (left hand)
 B - a ring of protection from fire (right hand)
Wands
 a - a wand of disintegration (3)
 g - a wand of draining (9)
 v - a wand of paralysis (8)
 L - a wand of cold (8)
 M - a wand of polymorph (10)
Scrolls
 e - 3 scrolls of enchant armour
 h - 2 scrolls of blinking
 l - 2 scrolls of immolation
 n - 4 scrolls of recharging
 s - a scroll of remove curse
 t - 4 scrolls of teleportation
 I - a scroll of magic mapping
Potions
 d - a potion of haste {unknown}
 r - 3 potions of flight
 z - 2 potions of invisibility
 C - a potion of ambrosia
 H - a potion of degeneration {unknown}
 J - 2 potions of magic {unknown}
Books
 b - a book of Flames

   Spells                             Type                      Level
   a - Flame Tongue                   Conjuration/Fire             1
   b - Throw Flame                    Conjuration/Fire             2
   c - Conjure Flame                  Conjuration/Fire             3
   d - Inner Flame                    Hexes/Fire                   3
   e - Sticky Flame                   Conjuration/Fire             4
   f - Fireball                       Conjuration/Fire             5
 f - a book of Annihilations

   Spells                             Type                      Level
   a - Poison Arrow                   Conjuration/Poison           6
   b - Chain Lightning                Conjuration/Air              8
   c - Lehudib's Crystal Spear        Conjuration/Earth            8
   d - Glaciate                       Conjuration/Ice              9
   e - Fire Storm                     Conjuration/Fire             9
 q - a book of Fire

   Spells                             Type                      Level
   a - Ignite Poison                  Fire/Transmutation/Poison    3
   b - Fireball                       Conjuration/Fire             5
   c - Bolt of Fire                   Conjuration/Fire             6
   d - Delayed Fireball               Conjuration/Fire             7
   e - Ring of Flames                 Charms/Fire                  7
Comestibles
 c - 7 bread rations
 k - 7 fruits
 o - 12 royal jellies
 w - 5 beef jerkies
 x - 4 meat rations
 K - a slice of pizza


   Skills:
 - Level 5.0 Fighting
 - Level 5.2 Maces & Flails
 - Level 7.0 Armour
 + Level 6.8 Dodging
 - Level 7.1 Stealth
 - Level 7.0 Shields
 + Level 5.1 Spellcasting
 + Level 5.1 Conjurations
 + Level 5.3 Fire Magic
 - Level 5.0 Evocations


You had 7 spell levels left.
You knew the following spells:

 Your Spells              Type           Power        Failure   Level  Hunger
a - Flame Tongue          Conj/Fire      ###..        1%          1    None
b - Conjure Flame         Conj/Fire      ###.....     4%          3    ##.....
c - Fireball              Conj/Fire      ###.......   38%         5    ######.
d - Sticky Flame          Conj/Fire      ###.....     14%         4    ####...


Dungeon Overview and Level Annotations

Branches:
Dungeon (10/15)            Temple (1/1) D:7            Lair (0/8) D:9
    Orc (0/4) D:9

Altars:
Ashenzari
Cheibriados
Dithmenos
Elyvilon
Fedhas
Gozag
Kikubaaqudgha
Makhleb
Nemelex Xobeh
Okawaru
Qazlal
Ru
Sif Muna
Trog
Vehumet
Xom
Yredelemnul
Zin
The Shining One

Annotations:
D:10 exclusion: obsidian statue


Innate Abilities, Weirdness & Mutations

You are resistant to torment.
Your stone body is resilient (AC +7).
You are immune to poison.
You resist negative energy.
You are resistant to electric shocks.
You can survive without breathing.
You are immune to petrification.
You are immune to rotting.


Message History

You feel better. The sixfirhy hits you.
* * * LOW HITPOINT WARNING * * *
The sixfirhy shocks you. You resist.
* * * LOW HITPOINT WARNING * * *
Drink which item? (? for menu, Esc to quit)
You feel better.
Read which item? (? for menu, Esc to quit)
As you read the scroll of teleportation, it crumbles to dust.
You feel strangely unstable. The sixfirhy hits you.
* * * LOW HITPOINT WARNING * * *
The sixfirhy shocks you. You resist.
* * * LOW HITPOINT WARNING * * *
You block the sixfirhy's attack.
The sixfirhy hits you but does no damage. x2
The sixfirhy hits you.
* * * LOW HITPOINT WARNING * * *
The sixfirhy shocks you. You resist.
* * * LOW HITPOINT WARNING * * *
The sixfirhy hits you.
You die...

....# #.......#
#.#.#
#######.......#
#.#.#
######........#
#)#.#
(.............#
#.#.#
#######.......#
#.#.# #.4.....#
#.#.# #.......#
#.#.#
###.###.###.#.#
#.......4@...#
#.####.#######
###.###...##
#..........#
#.#.###...##
#.#.# #..##
#.#.###.##
#....##.##
##..(.....#####


You could see a sixfirhy.

Vanquished Creatures
  Snorg (D:10)
  Erolcha (D:7)
  Nergalle (D:10)
  2 hill giants (D:10)
  An elephant (D:8)
  An ice statue (D:10)
  Psyche (D:8)
  A gargoyle (D:9)
  A troll (D:9)
  A two-headed ogre (D:9)
  2 yaks
  A trapdoor spider (D:10)
  A hippogriff (D:10)
  A wyvern (D:10)
  Menkaure (D:6)
  3 soldier ants
  3 orc warriors
  2 spiders (D:8)
  2 ice beasts (D:10)
  A phantom (D:6)
  2 wasps (D:10)
  2 sky beasts
  2 black bears
  6 centaurs
  4 ogres
  A crocodile (D:9)
  3 big kobolds
  5 giant frogs
  A wyvern zombie (D:9)
  4 scorpions
  5 killer bees (D:9)
  A jelly (D:10)
  A giant frog zombie (D:6)
  3 crimson imps
  7 hounds
  9 orc wizards
  4 giant frog skeletons
  An iguana (D:8)
  2 centaur zombies
  8 orc priests
  A centaur skeleton (D:8)
  14 worker ants
  A gnoll shaman (D:9)
  A statue (D:4)
  A killer bee zombie (D:8)
  A sheep (D:9)
  9 gnolls
  A worker ant zombie (D:10)
  12 adders
  3 shadow imps
  2 oozes
  2 adder skeletons
  3 worms
  6 giant geckos
  40 orcs
  5 ball pythons
  7 bats
  9 giant cockroaches
  12 hobgoblins
  10 jackals
  15 kobolds
  8 quokkas
  A ball python zombie (D:5)
  A giant gecko skeleton (D:5)
  2 giant newts
  9 goblins
  A jackal skeleton (D:4)
  A quokka skeleton (D:5)
  2 quokka zombies
  9 rats
288 creatures vanquished.

Notes
Turn   | Place    | Note
--------------------------------------------------------------
     0 | D:1      | Heliophagus the Gargoyle Fire Elementalist began the quest for the Orb.
     0 | D:1      | Reached XP level 1. HP: 10/10 MP: 3/3
   127 | D:1      | Reached XP level 2. HP: 13/15 MP: 0/5
   796 | D:1      | Reached XP level 3. HP: 15/19 MP: 0/6
  1490 | D:2      | Reached XP level 4. HP: 24/24 MP: 3/7
  1768 | D:2      | Found a burning altar of Makhleb.
  1768 | D:2      | Found an iron altar of Okawaru.
  2193 | D:2      | Found a deep blue altar of Sif Muna.
  2442 | D:3      | Reached skill level 4 in Fire Magic
  2557 | D:3      | Reached XP level 5. HP: 25/28 MP: 3/9
  2614 | D:3      | Found a stormy altar of Qazlal.
  3207 | D:3      | Learned a level 3 spell: Conjure Flame
  3518 | D:3      | Reached XP level 6. HP: 14/32 MP: 0/11
  4049 | D:4      | Reached XP level 7. HP: 33/36 MP: 5/13
  4326 | D:4      | Noticed an ogre
  4338 | D:4      | Killed an ogre
  4338 | D:4      | Reached skill level 5 in Conjurations
  4338 | D:4      | Reached skill level 5 in Fire Magic
  4423 | D:4      | Found a radiant altar of Vehumet.
  4715 | D:5      | Entered Level 5 of the Dungeon
  4920 | D:5      | Reached skill level 5 in Spellcasting
  4943 | D:5      | Reached skill level 1 in Fighting
  4943 | D:5      | Reached skill level 1 in Maces & Flails
  5350 | D:5      | Found an ancient bone altar of Kikubaaqudgha.
  5410 | D:5      | Reached XP level 8. HP: 38/44 MP: 15/15
  5955 | D:5      | Learned a level 5 spell: Fireball
  6197 | D:6      | Noticed Menkaure
  6203 | D:6      | Killed Menkaure
  6307 | D:6      | Reached skill level 5 in Fighting
  6395 | D:6      | Reached skill level 5 in Maces & Flails
  6562 | D:6      | Reached skill level 1 in Armour
  6648 | D:6      | Reached skill level 1 in Shields
  6648 | D:6      | Reached XP level 9. HP: 40/54 MP: 4/16
  8036 | D:7      | Found a staircase to the Ecumenical Temple.
  8053 | Temple   | Entered the Ecumenical Temple
  8507 | D:8      | Noticed Erolcha
  8783 | D:8      | HP: 2/54 [iguana (6)]
  9591 | D:8      | Noticed Psyche
  9608 | D:8      | Killed Psyche
  9608 | D:8      | Reached skill level 5 in Armour
  9608 | D:8      | Reached skill level 5 in Shields
  9608 | D:8      | Reached XP level 10. HP: 43/59 MP: 9/17
 10074 | D:7      | Killed Erolcha
 10074 | D:7      | Reached skill level 6 in Armour
 10074 | D:7      | Reached skill level 5 in Dodging
 10311 | D:9      | Found a staircase to the Orcish Mines.
 10373 | D:9      | Noticed an elephant
 10697 | D:8      | Killed an elephant
 10843 | D:9      | Reached skill level 1 in Evocations
 10875 | D:9      | Found a glowing golden altar of the Shining One.
 11241 | D:9      | Found a staircase to the Lair.
 12140 | D:9      | Reached skill level 5 in Stealth
 12352 | D:9      | Reached XP level 11. HP: 56/63 MP: 10/18
 12458 | D:10     | Entered Level 10 of the Dungeon
 12483 | D:10     | Noticed Nergalle
 12497 | D:10     | Killed Nergalle
 12628 | D:10     | Noticed Snorg
 12638 | D:10     | Killed Snorg
 13368 | D:10     | Noticed a hill giant
 13383 | D:10     | Killed a hill giant
 13383 | D:10     | Reached skill level 7 in Stealth
 13383 | D:10     | Reached skill level 5 in Evocations
 13918 | D:10     | Noticed a hill giant
 13933 | D:10     | Killed a hill giant
 14224 | D:10     | Noticed an obsidian statue
 14895 | D:10     | Learned a level 4 spell: Sticky Flame
 15023 | D:10     | Noticed a soul eater
 15627 | D:10     | HP: 3/63 [sixfirhy[an obsidian statue] (1)]
 15632 | D:10     | Slain by a sixfirhy

Action                   |  1- 3 |  4- 6 |  7- 9 | 10-12 || total
-------------------------+-------+-------+-------+-------++-------
Melee: Short sword       |    59 |    21 |       |       ||    80
       Flail             |       |    31 |    70 |       ||   101
       Dagger            |       |       |    32 |       ||    32
       Mace              |       |       |    39 |   176 ||   215
       Staff             |       |       |       |    12 ||    12
 Fire: Hand crossbow     |       |       |       |    16 ||    16
 Cast: Flame Tongue      |    44 |   104 |   315 |   315 ||   778
       Conjure Flame     |       |       |       |    13 ||    13
       Sticky Flame      |       |       |       |     2 ||     2
Evoke: Wand              |       |       |    23 |     1 ||    24
  Use: Scroll            |       |     7 |     5 |    11 ||    23
       Potion            |       |     4 |     3 |    14 ||    21
 Stab: Sleeping          |     1 |       |     1 |     2 ||     4
       Invisible         |       |       |       |     1 ||     1
  Eat: Chunk             |     3 |     8 |    15 |    18 ||    44
       Fruit             |       |       |     2 |     1 ||     3
